 Dungeon Crawl Stone Soup version 0.30-a0-949-g53dc5368d7 (webtiles) character file.

Game seed: 2711457992006393344

14117 mandoloar the Destroyer (level 11, 0/92 HPs)
             Began as a Demigod Conjurer on Mar 27, 2023.
             Slain by a komodo dragon (28 damage)
             ... on level 10 of the Dungeon on Mar 28, 2023.
             The game lasted 00:52:49 (18093 turns).

mandoloar the Destroyer (Demigod Conjurer)         Turns: 18093, Time: 00:52:50

Health: 0/92       AC: 11    Str: 10      XL:     11   Next: 55%
Magic:  28/34      EV: 19    Int: 31 (32) God:
Gold:   574        SH:  0    Dex: 12      Spells: 7/23 levels left

rFire   . . .      SeeInvis .    a - +7 quarterstaff of Severance {speed, MP+9 Str+2}
rCold   + + .      Faith    .    (shield currently unavailable)
rNeg    . . .      Spirit   .    z - +0 steam dragon scales
rPois   .          Reflect  .    K - +0 helmet
rElec   .          Rampage  .    H - +0 cloak
rCorr   .                        u - +0 pair of gloves
Will    ++...                    l - +0 pair of boots of Guemmyhapt {Fly rC++ Regen+ Stlth-}
Stlth   +                        (no amulet)
HPRegen 1.15/turn                n - ring of willpower
MPRegen 0.24/turn                t - +5 ring of evasion

@: lethally poisoned (0 -> -1), flying, very slightly contaminated
A: high MP 1, forlorn, divine attributes, subdued magic 1
a: no special abilities


You were on level 10 of the Dungeon.
You visited 3 branches of the dungeon, and saw 12 of its levels.

You collected 574 gold pieces.

Inventory:

Hand Weapons
 a - the +7 quarterstaff of Severance (weapon) {speed, MP+9 Str+2}
   (You found it on level 3 of the Dungeon)

   Str:       It affects your strength (+2).
   MP:        It affects your magic capacity (+9).
 b - a +7 morningstar of freezing
 c - a +2 short sword of electrocution
Armour
 l - the +0 pair of boots of Guemmyhapt (worn) {Fly rC++ Regen+ Stlth-}
   (You acquired it on level 6 of the Dungeon)

   rC:        It greatly protects you from cold.
   Fly:       It grants you flight.
   Regen:     It increases your rate of health regeneration.
   Stlth:     It makes you less stealthy.
 u - a +0 pair of gloves (worn)
 z - +0 steam dragon scales (worn)
 D - a +0 buckler
 H - a +0 cloak (worn)
 K - a +0 helmet (worn)
Jewellery
 n - a ring of willpower (left hand)
 t - a +5 ring of evasion (right hand)
 F - a ring of ice
Wands
 q - a wand of iceblast (7)
 r - a wand of digging (9)
 y - a wand of flame (36)
 C - a wand of paralysis (16)
Scrolls
 e - 3 scrolls of blinking
 f - 5 scrolls of teleportation
 o - 2 scrolls of identify
 v - a scroll of fear
 B - 4 scrolls of enchant armour
 G - 2 scrolls of immolation
Potions
 d - 13 potions of curing
 g - a potion of attraction
 h - 3 potions of heal wounds
 i - a potion of might
 k - a potion of cancellation
 m - a potion of resistance
 p - 2 potions of lignification
 s - 3 potions of ambrosia
 w - 4 potions of flight {unknown}
 x - a potion of haste {unknown}
 A - a potion of brilliance {unknown}
 I - a potion of invisibility


   Skills:
 + Level 7.2 Fighting
 - Level 5.0 Armour
 + Level 5.7 Dodging
 - Level 1.7 Stealth
 + Level 6.9 Spellcasting
 + Level 8.3 Conjurations
 - Level 5.0 Hexes
 - Level 5.0 Translocations
 + Level 4.6 Ice Magic
 + Level 4.5 Air Magic


You had 7 spell levels left.
You knew the following spells:

 Your Spells              Type           Power      Damage    Failure   Level
a - Magic Dart            Conj           100%       1d8       1%          1
b - Searing Ray           Conj           96%        2d7       1%          2
c - Fulminant Prism       Conj/Hex       20%        3d12      2%          4
d - Iskenderun's Mystic   Conj/Tloc      40%        2d9       2%          4
e - Freezing Cloud        Conj/Ice/Air   18%        6-21      10%         5

Your spell library contained the following spells:

 Spells                   Type           Power      Damage    Failure   Level
 Kiss of Death            Conj/Necr      100%       2d13      1%          1
 Slow                     Hex            100%       N/A       1%          1
 Poisonous Vapours        Pois/Air       38%        N/A       1%          2
 Confusing Touch          Hex            32%        N/A       1%          3
 Dazzling Flash           Conj/Hex       80%        N/A       1%          3
 Mephitic Cloud           Conj/Pois/Air  28%        N/A       1%          3
 Cigotuvi's Dreadful Rot  Necr/Pois/Air  30%        N/A       2%          2
 Kindle Blastsparks       Fire/Tloc/Air  46%        2d13      2%          3
 Necrotise                Necr           32%        1d5       3%          1
 Ignite Poison            Fire/Tmut/Pois 8%         N/A       12%         3
 Vampiric Draining        Necr           8%         2d6       12%         3
 Dispel Undead            Necr           8%         3d8       36%         4
 Agony                    Necr           8%         N/A       73%         5


Dungeon Overview and Level Annotations

Branches:
Dungeon (10/15)            Temple (1/1) D:4            Lair (1/5) D:10
    Orc: D:9-12

Annotations:
D:9 2 transporters
D:10 3 runed translucent doors, Zvl3's ghost, novice GrEE


Innate Abilities, Weirdness & Mutations

You have an increased reservoir of magic. (+10% MP)
You shall have no god before yourself.
Your divine heritage dramatically boosts your attributes as you level up.
Your spells are a little easier to cast, but a little less powerful.


Message History

Casting: Iskenderun's Mystic Blast (dangerous; 2% risk of failure)
Confirm with . or Enter, or press ? or * to list all spells.
You erupt in a blast of force!
The mystic blast hits the komodo dragon!
The komodo dragon is severely wounded.
The komodo dragon is knocked back by the mystic blast.
The mystic blast hits the polar bear!
You kill the polar bear!
You feel your intelligence returning.
Casting: Iskenderun's Mystic Blast (dangerous; 2% risk of failure)
Confirm with . or Enter, or press ? or * to list all spells.
You miscast Iskenderun's Mystic Blast.
You are very lightly contaminated with residual magic.
Nothing appears to happen.
A water moccasin comes into view.
The komodo dragon bites you!!
Casting: Iskenderun's Mystic Blast (dangerous; 2% risk of failure)
Confirm with . or Enter, or press ? or * to list all spells.
You don't have enough magic to cast this spell.
The water moccasin hisses angrily.
The cane toad stings you!
You are poisoned.
The cane toad poisons you! The komodo dragon bites you!!
You fly upwards.
Welcome back to the Dungeon!
Level annotation: 3 runed translucent doors, Zvl3's ghost, novice GrEE You feel very sick.
There is a staircase to the Lair here.
Magic courses through your body.
You feel very sick. The cane toad completely misses you.
The cane toad stings you. The komodo dragon closely misses you.
Casting: Iskenderun's Mystic Blast (dangerous; 2% risk of failure)
Confirm with . or Enter, or press ? or * to list all spells.
Aiming: Fulminant Prism (dangerous; 2% risk of failure)
Press: ? - help, Dir - move target You conjure a prism of explosive energy!
A fulminant prism comes into view.
You feel very sick. The cane toad closely misses you.
The komodo dragon bites you!!
You die...

# #.# #.#.#.##.####.#.# #
#.# #.............#.#
#####.#####............#.#
#......).......###....##.#
###########.#(..≈...#....#
##..#.*.#..##..#
#.##...##.##..#
#...l.F...##..#
#≈...@...≈##.##
#.........##.#
#.##...##.#..#
##..#...#..####
#.#...≈...#.# ##
#....###....# .#
#...........# .#
###..#..##### .# #.###.#


You could see a komodo dragon (ally target), a cane toad and a friendly
fulminant prism.

Vanquished Creatures
  3 two-headed ogres
  A centaur warrior (D:10)
  A sun demon (D:10)
  2 oklob plants (D:10)
  An ugly thing (D:10)
  Maurice (D:9)
  Joseph (D:8)
  A rust devil (D:10)
  2 orange demons (D:10)
  A komodo dragon (Lair:1)
  2 kobold demonologists (D:9)
  A red devil (D:10)
  A polar bear (Lair:1)
  An ice devil (D:9)
  Grinder (D:3)
  A hornet (D:10)
  A shadow (D:9)
  2 wraiths
  3 wyverns
  A neqoxec (D:10)
  A vampire (D:10)
  3 steam dragons
  A water moccasin (Lair:1)
  6 orc warriors
  A sky beast (D:7)
  2 ice beasts
  6 ogres
  5 centaurs
  4 kobold brigands
  2 phantoms
  4 bullfrogs
  A gnoll sergeant (D:8)
  A scorpion (D:6)
  9 wights
  6 killer bees (D:10)
  3 howler monkeys
  4 quasits
  5 hounds
  A jelly (D:3)
  9 orc priests
  4 gnoll boudas
  2 iguanas (D:5)
  10 orc wizards
  2 sleepcaps (D:5)
  42 gnolls
  6 adders
  An ufetubus (D:5)
  4 dart slugs
  59 orcs
  5 ball pythons
  4 bats
  6 endoplasms
  A giant cockroach (D:2)
  5 goblins
  3 hobgoblins
  14 jackals (D:3)
  6 quokkas
  6 frilled lizards
  18 kobolds
  2 rats
302 creatures vanquished.

Vanquished Creatures (others)
  17 demonic plants (D:10)
  164 fulminant prisms
  6 fungi (D:8)
  32 plants
219 creatures vanquished.

Grand Total: 521 creatures vanquished

Notes
Turn   | Place    | Note
-------+----------+-------------------------------------------
     0 | D:1      | mandoloar the Demigod Conjurer began the quest for the Orb.
     0 | D:1      | Reached XP level 1. HP: 14/14 MP: 5/5
   606 | D:1      | Reached XP level 2. HP: 22/22 MP: 0/7
   609 | D:1      | Learned a level 2 spell: Searing Ray
  1257 | D:1      | Reached skill level 1 in Fighting
  1419 | D:2      | Reached skill level 4 in Conjurations
  1524 | D:1      | Reached XP level 3. HP: 24/28 MP: 2/9
  2426 | D:3      | Noticed Grinder
  2426 | D:3      | Paralysed by Grinder for 4 turns
  2676 | D:3      | Reached XP level 4. HP: 9/36 MP: 4/10
  2783 | D:2      | Learned a level 4 spell: Fulminant Prism
  3124 | D:3      | Paralysed by Grinder for 2 turns
  3173 | D:3      | Paralysed by Grinder for 2 turns
  3178 | D:3      | Paralysed by Grinder for 5 turns
  3184 | D:3      | Killed Grinder
  3185 | D:3      | Reached XP level 5. HP: 32/45 MP: 4/13
  3300 | D:3      | Reached XP level 6. HP: 51/51 MP: 9/14
  3415 | D:3      | Reached skill level 5 in Conjurations
  4048 | D:3      | Identified the +7 quarterstaff of Severance {speed, MP+9
                  | Str+2}
  4862 | D:3      | Reached XP level 7. HP: 47/58 MP: 7/16
  5068 | D:3      | Learned a level 4 spell: Iskenderun's Mystic Blast
  5971 | D:4      | Reached skill level 1 in Translocations
  6046 | D:4      | Reached skill level 1 in Hexes
  6269 | D:4      | Found a staircase to the Ecumenical Temple.
  6288 | Temple   | Entered the Ecumenical Temple
  6956 | D:5      | Entered Level 5 of the Dungeon
  7129 | D:5      | You fall into a shaft and drop 3 floors!
  7223 | D:8      | Noticed a wyvern
  7234 | D:8      | Killed a wyvern
  7235 | D:8      | Reached skill level 6 in Conjurations
  7325 | D:7      | Reached XP level 8. HP: 67/67 MP: 18/18
  7515 | D:6      | Identified a scroll of acquirement
  7516 | D:6      | Acquired the +0 pair of boots of Guemmyhapt {Fly rC++
                  | Regen+ Stlth-}
  7655 | D:5      | Reached skill level 1 in Armour
  7861 | D:5      | Reached skill level 5 in Fighting
  7861 | D:5      | Reached skill level 5 in Spellcasting
  8970 | D:6      | Identified the +6 scale mail of Hedonism {Will+ Dex+2}
  9626 | D:6      | Reached XP level 9. HP: 61/74 MP: 20/20
 10178 | D:7      | Learned a level 5 spell: Freezing Cloud
 11035 | D:8      | Noticed a two-headed ogre
 11097 | D:8      | Noticed Joseph
 11233 | D:8      | Reached skill level 1 in Ice Magic
 11233 | D:8      | Reached skill level 1 in Air Magic
 11494 | D:8      | Killed a two-headed ogre
 11495 | D:8      | Reached skill level 7 in Conjurations
 11854 | D:8      | Killed Joseph
 11993 | D:8      | Reached XP level 10. HP: 81/83 MP: 21/22
 13438 | D:9      | Found a transporter.
 14577 | D:9      | Noticed Maurice
 14622 | D:9      | Killed Maurice
 14925 | D:9      | Found a transporter.
 15250 | D:10     | Entered Level 10 of the Dungeon
 15346 | D:10     | Noticed a red ugly thing
 15353 | D:10     | Killed a red ugly thing
 15484 | D:10     | Noticed a sun demon
 15556 | D:10     | Noticed a centaur warrior
 15564 | D:10     | Killed a centaur warrior
 15594 | D:10     | Reached XP level 11. HP: 63/91 MP: 12/24
 15779 | D:10     | Noticed a two-headed ogre
 15791 | D:10     | Reached skill level 5 in Dodging
 15791 | D:10     | Reached skill level 5 in Hexes
 15791 | D:10     | Reached skill level 5 in Translocations
 15798 | D:10     | Killed a two-headed ogre
 16005 | D:10     | Found a runed translucent gate.
 16006 | D:10     | Found a runed translucent gate.
 16008 | D:10     | Found a runed translucent gate.
 16010 | D:10     | Noticed Zvl3's ghost (novice GrEE)
 16041 | D:10     | Noticed a two-headed ogre
 16057 | D:10     | Killed a two-headed ogre
 16058 | D:10     | Reached skill level 8 in Conjurations
 16424 | D:10     | Killed a sun demon
 16588 | D:10     | Found a staircase to the Lair.
 16602 | D:10     | Reached skill level 5 in Armour
 16759 | D:10     | Gained mutation: Your spells are a little easier to cast,
                  | but a little less powerful. [a neqoxec]
 17717 | Lair:1   | Entered Level 1 of the Lair of Beasts
 18093 | D:10     | Slain by a komodo dragon

Illustrated notes

Levels and vault maps discovered:
D:1:      ncdulo_wetmaze, layout_basic, basic_ecumenical_altar, serial_glass,
          glass_columns_a, glass_columns_b
D:2:      layout_rooms, basic_altar
D:3:      lemuel_castle_with_subvaults [lemuel_castle_interior_carwin_2],
          layout_basic, mainiacjoe_overflow_chevrons, grunt_ministairs_12,
          minmay_fountain_box, uniq_grinder
D:4:      layout_loops_ring, lightli_temple_of_fire, hangedman_ru_absence,
          minmay_temple_entry_slanted
D:5:      layout_loops_ring
D:6:      layout_cave_pods, fedhas_altar_2
D:7:      layout_cave_pods, zin_academy, dk_noncrumbling_4
D:8:      kennysheep_seaside_town, layout_cave_pools, uniq_joseph
D:9:      gammafunk_cloud_chamber, layout_cave_pods, lemuel_round_altar,
          kennysheep_generic_room_8, uniq_maurice
D:10:     layout_loops_ring, dpeg_oklobed_lair, gammafunk_ghost_necromancy,
          serial_demonic, serial_demonic_b, serial_demonic_e, serial_demonic_b,
          serial_demonic_e, serial_demonic_g, serial_demonic_e,
          serial_demonic_c, serial_demonic_c
Temple:   kb_temple_of_zot
Lair:1:   layout_hall_layers, grunt_megastairs_1

Skill      XL: |  1  2  3  4  5  6  7  8  9 10 11 |
---------------+----------------------------------+-----
Spellcasting   | 2 3 4 5 6 |  6.9
Fighting       | 1 3 4 5 6 7 |  7.2
Conjurations   | 4 5 6 7 8 |  8.3
Translocations | 2 3 4 5 |  5.0
Hexes          | 2 3 4 5 |  5.0
Dodging        | 3 4 5 |  5.7
Armour         | 2 3 4 5 |  5.0
Ice Magic      | 2 3 4 |  4.6
Air Magic      | 2 3 4 |  4.5
Stealth        | |  1.7

Action                     |  1- 3 |  4- 6 |  7- 9 | 10-12 || total
---------------------------+-------+-------+-------+-------++-------
  Melee: Short sword       |     7 |       |       |       ||     7
         Morningstar       |       |       |       |    12 ||    12
         Quarterstaff      |       |       |       |     3 ||     3
   Cast: Magic Dart        |    69 |    58 |    89 |     7 ||   223
         Searing Ray       |     4 |    10 |    44 |       ||    58
         Fulminant Prism   |       |    20 |    49 |    96 ||   165
         Iskenderun's Myst |       |       |    18 |    40 ||    58
         Freezing Cloud    |       |       |       |     7 ||     7
    Use: Scroll            |     5 |       |    13 |     5 ||    23
         Potion            |       |       |       |     1 ||     1
 Armour: Robe              |    12 |     2 |     4 |       ||    18
         Steam dragon scal |       |       |     5 |    19 ||    24
  Dodge: Dodged            |    23 |     5 |    66 |   112 ||   206

Table legend: (Time is in decaauts)
 A = Elapsed time spent in this place.
 B = Non-inter-level travel time spent in this place.
 C = Inter-level travel time spent in this place.
 D = Time resting spent in this place.
 E = Time spent auto-exploring this place.
 F = Levels seen in this place.
 G = Mean time per level.
                   A        B        C        D        E       F      G
               +--------+--------+--------+--------+--------+-----+--------+
         Total |  18152 |  16918 |   1234 |   7486 |   6806 |  12 | 1512.7 |
       Dungeon |  17672 |  16453 |   1219 |   7346 |   6612 |  10 | 1767.2 |
        Temple |    106 |     91 |     15 |      0 |     80 |   1 |  106.0 |
          Lair |    373 |    373 |      0 |    140 |    114 |   1 |  373.0 |
               +--------+--------+--------+--------+--------+-----+--------+

Top non-repeatable levels by time:
     D:3: 2810 daAuts
     D:9: 2210 daAuts
     D:8: 2181 daAuts
     D:7: 2123 daAuts
    D:10: 1795 daAuts
     D:1: 1572 daAuts
     D:6: 1308 daAuts
     D:4: 1282 daAuts
     D:2: 1267 daAuts
     D:5: 1119 daAuts
  Lair:1: 373 daAuts
  Temple: 106 daAuts
